 Dungeon Crawl Stone Soup version 0.20.0-8-g6b59dc7 (webtiles) character file.

335 Minion the Skirmisher (level 6, 0/51 HPs)
             Began as a Human Wanderer on May 30, 2017.
             Was an Initiate of Okawaru.
             Succumbed to a worker ant's poison
             ... on level 4 of the Dungeon.
             The game lasted 00:10:19 (3528 turns).

Minion the Skirmisher (Human Wanderer)              Turns: 3528, Time: 00:10:20

Health: 0/51       AC:  8    Str: 15    XL:     6   Next: 84%
Magic:  6/6        EV: 18    Int: 16    God:    Okawaru [......]
Gold:   137        SH:  0    Dex: 18    Spells: 5/5 levels left

rFire    . . .     SeeInvis .   b - +0 falchion
rCold    . . .     Gourm    .   (no shield)
rNeg     . . .     Faith    .   a - +2 leather armour
rPois    .         Spirit   .   n - +0 helmet
rElec    .         Reflect  .   (no cloak)
rCorr    .         Harm     .   f - +0 pair of gloves
MR       .....                  i - +0 pair of boots
Stlth    +++.......             (no amulet)
Regen    0.2/turn               (no ring)
MPRegen  0.1/turn               (no ring)

@: brilliant, agile, lethally poisoned (0 -> -7), flying
A: no striking features
a: Renounce Religion


You were on level 4 of the Dungeon.
You worshipped Okawaru.
Okawaru was noncommittal.
You were not hungry.

You visited 1 branch of the dungeon, and saw 4 of its levels.

You collected 137 gold pieces.

Inventory:

Hand Weapons
 b - a +0 falchion (weapon)
 p - a +0 flail of protection
Armour
 a - a +2 leather armour (worn)
 f - a +0 pair of gloves (worn)
 i - a +0 pair of boots (worn)
 j - a +0 scale mail
 n - a +0 helmet (worn)
Wands
 s - a wand of confusion (8/48)
 v - a wand of enslavement (14/24)
Scrolls
 h - a scroll of amnesia {unknown}
 k - 3 scrolls of identify {unknown}
 l - 2 scrolls of enchant weapon {unknown}
 r - a scroll of fog {unknown}
 t - a scroll of teleportation {unknown}
Potions
 u - a potion of cancellation {unknown}
Comestibles
 d - 2 bread rations
 g - 3 meat rations
 m - 3 royal jellies


   Skills:
 + Level 5.3 Fighting
 + Level 3.0 Long Blades
   Level 1.0 Staves
 + Level 2.5 Armour
 + Level 3.2 Dodging
 - Level 1.0 Stealth
 - Level 2.0 Unarmed Combat
 - Level 1.0 Evocations


You had 5 spell levels left.
You didn't know any spells.

Dungeon Overview and Level Annotations

Branches:
Dungeon (4/15)             Temple (0/1) D:4

Altars:
Okawaru

Annotations:
D:4 exclusion: ogre


Message History

The jackal bites you but does no damage.
The worker ant barely misses you.
You riposte.
You hit the worker ant.
The worker ant is moderately wounded.
The jackal bites you but does no damage.
There is an open door here.
* * * LOW HITPOINT WARNING * * *
You feel sick.
It was a potion of agility.
You feel agile all of a sudden.
* * * LOW HITPOINT WARNING * * *
You feel sick.
The jackal bites you but does no damage.
It was a potion of brilliance.
You feel clever all of a sudden.
* * * LOW HITPOINT WARNING * * *
You feel sick. The jackal completely misses you. The jackal closely misses you.
It was a potion of flight.
You feel very buoyant.
You fly up into the air.
You die...

..........##...........#
.......########'###....#
.......# #.# ######
$......###### #.########
.......#....###.##.....#
............'...##.....#
.......#....###.##.....#
.......##.########.....#
..#######.......@ha....#
.. #.########.....#
#.#....# #.....#
##'#.##.# ##'####
#....##.# #.#
#[...##.####.####..
#....##..........$#
#............######
#...#######.......


You could see a worker ant and a jackal.

Vanquished Creatures
  An ogre (D:4)
  A howler monkey (D:3)
  An orc priest (D:4)
  6 adders
  2 oozes
  5 worms
  A dart slug (D:3)
  4 leopard geckos
  7 orcs
  3 ball pythons
  8 bats
  13 giant cockroaches
  4 goblins
  9 hobgoblins
  5 jackals
  8 kobolds
  4 frilled lizards
  6 rats
  A butterfly (D:4)
89 creatures vanquished.

Notes
Turn   | Place    | Note
-------+----------+-------------------------------------------
     0 | D:1      | Minion the Human Wanderer began the quest for the Orb.
     0 | D:1      | Minion set off with: a +2 leather armour, a +0 falchion, a potion of lignification, a bread ration
     0 | D:1      | Reached XP level 1. HP: 19/19 MP: 1/1
    61 | D:1      | Reached XP level 2. HP: 10/25 MP: 2/2
   341 | D:1      | Reached skill level 1 in Long Blades
   855 | D:1      | Reached XP level 3. HP: 28/31 MP: 3/3
  1425 | D:2      | Found an iron altar of Okawaru.
  1431 | D:2      | Became a worshipper of Warmaster Okawaru
  1747 | D:2      | Reached XP level 4. HP: 38/38 MP: 4/4
  2350 | D:3      | Reached skill level 1 in Armour
  2350 | D:3      | Reached XP level 5. HP: 34/43 MP: 5/5
  2376 | D:3      | Reached skill level 5 in Fighting
  2977 | D:3      | Reached XP level 6. HP: 49/51 MP: 6/6
  3228 | D:4      | Found a staircase to the Ecumenical Temple.
  3259 | D:4      | Noticed an ogre
  3408 | D:4      | Killed an ogre
  3526 | D:4      | HP: 2/51 [poisoned by a worker ant]
  3528 | D:4      | Succumbed to a worker ant's poison

Skill      XL: |  1  2  3  4  5  6 |
---------------+-------------------+-----
Long Blades    | 1 2 3 |  3.0
Dodging        | 2 3 |  3.2
Armour         | 1 2 |  2.5
Fighting       | 5 |  5.3
Staves         | |  1.0
Stealth        | |  1.0
Unarmed Combat | |  2.0
Evocations     | |  1.0

Action                   |  1- 3 |  4- 6 || total
-------------------------+-------+-------++-------
Melee: Falchion          |   116 |   246 ||   362
Evoke: Wand              |       |     5 ||     5
  Use: Potion            |     2 |     3 ||     5
 Stab: Distracted        |     1 |       ||     1
       Sleeping          |     1 |     1 ||     2
       Confused          |       |     2 ||     2
  Eat: Chunk             |     3 |     6 ||     9
Armor: Leather armour    |    39 |   101 ||   140
       Skin              |     4 |       ||     4
Dodge: Dodged            |    60 |   180 ||   240
       Rpst.: Falchion   |    16 |    65 ||    81
